 Dungeon Crawl Stone Soup version 0.24.0-13-gcf9b3192b9 (webtiles) character file.

Game seed: 2172992995568051705, levelgen mode: deterministic

2520 Midas the Covert (level 9, -7/63 HPs)
             Began as an Octopode Hunter on Nov 10, 2019.
             Mangled by an orc warrior
             ... wielding a +0 trident
              (18 damage)
             ... on level 6 of the Dungeon.
             The game lasted 00:19:55 (11048 turns).

Midas the Covert (Octopode Hunter)                 Turns: 11048, Time: 00:19:56

Health: -7/63      AC:  4    Str: 12    XL:     9   Next: 54%
Magic:  12/12      EV: 16    Int: 16    God:
Gold:   552        SH:  0    Dex: 12    Spells: 1/8 levels left

rFire    . . .     SeeInvis .   o - +0 dagger (chaos)
rCold    . . .     Gourm    .   (no shield)
rNeg     . . .     Faith    .   (helmet restricted)
rPois    .         Spirit   .   (no amulet)
rElec    .         Reflect  .   r - +3 ring of protection
rCorr    .         Harm     .   (no ring)
MR       .....                  (no ring)
Stlth    +++++.....             (no ring)
HPRegen  0.20/turn              (no ring)
MPRegen  0.13/turn              (no ring)
                                (no ring)
                                (no ring)

@: no status effects
A: almost no armour, stealthy swim, amphibious, 8 rings, constrict 8, camouflage
1, gelatinous body 1
a: no special abilities


You were on level 6 of the Dungeon.
You were very hungry.

You visited 2 branches of the dungeon, and saw 8 of its levels.
You also visited: Ossuary.

You collected 552 gold pieces.

Inventory:

Hand Weapons
 a - a +1 hand crossbow
 b - a +0 short sword
 o - a +0 dagger of chaos (weapon)
Missiles
 c - 58 bolts
 m - 11 poisoned darts (quivered)
 C - a throwing net
Jewellery
 r - a +3 ring of protection (left tentacle)
 B - an uncursed ring of wizardry {unknown}
Wands
 p - a wand of iceblast (6)
 q - a wand of paralysis (8)
Scrolls
 f - a scroll of enchant armour
 g - 3 scrolls of identify
 h - 3 scrolls of remove curse
 i - a scroll of random uselessness {unknown}
 k - 3 scrolls of teleportation
 s - a scroll of magic mapping {unknown}
 y - 2 scrolls of immolation {unknown}
 z - 3 scrolls of enchant weapon {unknown}
Potions
 e - 5 potions of brilliance
 j - a potion of mutation
 l - 3 potions of heal wounds
 n - 3 potions of curing
 t - a potion of cancellation {unknown}
 u - a potion of agility {unknown}
 v - a potion of lignification {unknown}
 w - 2 potions of flight
 x - 5 potions of degeneration
Comestibles
 d - 11 rations


   Skills:
 + Level 6.4 Fighting
 - Level 4.0 Crossbows
 + Level 6.5 Dodging
 + Level 9.1 Stealth
 - Level 4.0 Transmutations
 - Level 1.0 Poison Magic
 - Level 5.0 Evocations


You had one spell level left.
You knew the following spells:

 Your Spells              Type           Power        Failure   Level  Hunger
a - Sticks to Snakes      Tmut           ##......     8%          2    ###....
b - Spider Form           Tmut/Pois      #.........   26%         3    ####...
c - Blink                 Tloc           N/A          36%         2    ###....

Your spell library contained the following spells:

 Spells                   Type           Power        Failure   Level  Hunger
 Beastly Appendage        Tmut           ##....       4%          1    ##.....
 Magic Dart               Conj           #...         26%         1    ##.....
 Call Imp                 Summ           #.......     36%         2    ###....
 Slow                     Hex            #.......     36%         2    ###....
 Mephitic Cloud           Conj/Pois/Air  #.......     54%         3    ####...
 Conjure Flame            Conj/Fire      #.......     58%         3    ####...
 Ice Form                 Ice/Tmut       #.......     73%         4    #####..
 Blade Hands              Tmut           ##........   80%         5    ######.


Dungeon Overview and Level Annotations

Branches:
Dungeon (7/15)             Temple (1/1) D:4         Ossuary (visited)

Altars:
Ashenzari
Elyvilon
Fedhas
Hepliaklqana
Kikubaaqudgha
Makhleb
Nemelex Xobeh
Okawaru
Qazlal
Ru
Sif Muna
Uskayaw
Wu Jian
Xom
Yredelemnul
Zin
The Shining One

Shops:
D:5 *   D:6 !


Innate Abilities, Weirdness & Mutations

You cannot wear most types of armour.
You are very stealthy in the water. (Stealth+)
You are amphibious.
You can wear up to eight rings at the same time.
You can use your tentacles to constrict eight enemies at once.
Your skin changes colour to match your surroundings (Stealth+).
Your rubbery body absorbs attacks. (AC +1, EV +1)


Message History

There is a stone staircase leading down here.
You hit the orc but do no damage. Lightning courses through the orc!
You kill the orc!
The orc warrior hits you with a +0 trident!
You hit the orc warrior.
You feel better.
You grab the orc warrior.
The orc warrior is lightly wounded.
You constrict the orc warrior.
The orc warrior hits you with a +0 trident.
You hit the orc warrior but do no damage.
The orc warrior seems to speed up.
The orc warrior is lightly wounded.
You constrict the orc warrior, but do no damage.
The orc warrior hits you with a +0 trident!
You hit the orc warrior but do no damage.
The orc warrior flickers and vanishes!
Deactivating autopickup; reactivate with Ctrl-A.
You squeeze something. You constrict something. Something hits you!
* * * LOW HITPOINT WARNING * * *
Something hits you!!
You die...

#.# #.#....# #.....##.#.##.#
#.#######......####.....##.#....#
........###....#.................
##......# #....#.#.#####.#......#
#......###.####.#.#...#.#......#
#..........####.#.#.#.#.#.##..<.
#........###....#...#.#.#....###
####..)..# #......###.#.########
#.....###...@{..............#
#..........)....#..#.######.#
#.........##'#.##..#.......(.
##'#......'..#.##..#.....#.#.
#.#......####.##........#.#.
##.#.........#.##.##.....#.##
#..........#.#.##.##.(...#.##
#..........#.#.##.##.......##
#........#.#.#....##..#######


There were no monsters in sight!

Vanquished Creatures
  A hornet (D:7)
  2 hippogriffs
  Sigmund (D:6)
  A sky beast (D:5)
  3 ogres
  A centaur (D:5)
  A gnoll sergeant (D:6)
  2 scorpions
  A howler monkey (D:4)
  5 wights
  6 crimson imps
  2 bullfrog zombies
  A centaur zombie (D:5)
  Crazy Yiuf (D:6)
  4 hounds
  An orc priest (D:7)
  2 iguanas
  6 worker ants
  A killer bee zombie (D:5)
  7 mummies (Ossuary)
  Robin (D:4)
  3 gnolls (D:7)
  A howler monkey skeleton (D:6)
  3 adders
  An adder zombie (D:5)
  2 adder skeletons
  2 worms
  3 dart slugs
  2 leopard geckos
  3 orcs
  12 bats
  8 giant cockroaches
  16 goblins
  13 hobgoblins
  16 jackals
  13 kobolds
  5 quokkas
  4 ball pythons
  6 frilled lizards
  A gnoll zombie (Ossuary)
  3 hobgoblin zombies (Ossuary)
  3 kobold zombies (Ossuary)
  A leopard gecko zombie (D:6)
  An orc zombie (Ossuary)
  A quokka skeleton (D:4)
  6 rats
  4 rat zombies (D:3)
  A bush (D:6)
  A fungus (D:6)
185 creatures vanquished.

Vanquished Creatures (collateral kills)
  A ball lightning (D:6)
1 creature vanquished.

Vanquished Creatures (others)
  A mummy (Ossuary)
1 creature vanquished.

Grand Total: 187 creatures vanquished

Notes
Turn   | Place    | Note
-------+----------+-------------------------------------------
     0 | D:1      | Midas the Octopode Hunter began the quest for the Orb.
     0 | D:1      | Reached XP level 1. HP: 14/14 MP: 1/1
    65 | D:1      | Reached skill level 2 in Stealth
    86 | D:1      | Reached XP level 2. HP: 16/19 MP: 2/2
   418 | D:1      | Reached XP level 3. HP: 5/25 MP: 3/3
  1134 | D:1      | Reached skill level 3 in Stealth
  1443 | D:2      | Reached XP level 4. HP: 25/30 MP: 4/4
  1646 | D:2      | Found an iron altar of Okawaru.
  1858 | D:2      | Found a hide-covered altar of Uskayaw.
  1859 | D:2      | Noticed a +0 dagger
  1859 | D:2      | Noticed a +0 hand axe
  2277 | D:3      | Found a stormy altar of Qazlal.
  2281 | D:3      | Found a glowing golden altar of the Shining One.
  2281 | D:3      | Found a blossoming altar of Fedhas.
  2282 | D:3      | Found a shimmering blue altar of Sif Muna.
  2876 | D:3      | Found an ancient bone altar of Kikubaaqudgha.
  3048 | D:4      | Reached skill level 4 in Stealth
  3048 | D:4      | Reached XP level 5. HP: 31/36 MP: 5/5
  3313 | D:4      | Reached skill level 1 in Evocations
  3704 | D:4      | Reached XP level 6. HP: 29/43 MP: 5/7
  4236 | D:4      | Noticed Robin
  4243 | D:4      | Killed Robin
  4526 | D:4      | Reached skill level 5 in Stealth
  4785 | D:4      | Found a shimmering altar of Xom.
  4830 | D:4      | Reached XP level 7. HP: 36/48 MP: 8/8
  5476 | D:4      | Found a staircase to the Ecumenical Temple.
  5505 | Temple   | Entered the Ecumenical Temple
  5652 | D:5      | Entered Level 5 of the Dungeon
  5833 | D:5      | Reached skill level 6 in Stealth
  5924 | D:5      | Found Guromet's Assorted Antiques.
  6104 | D:5      | Found a sand-covered staircase.
  6109 | Ossuary  | Entered an ossuary
  6684 | Ossuary  | Reached XP level 8. HP: 54/54 MP: 10/10
  6938 | D:5      | Reached skill level 5 in Dodging
  6995 | D:5      | Reached skill level 5 in Fighting
  7063 | D:5      | Reached skill level 7 in Stealth
  7173 | D:5      | Noticed a hippogriff
  7190 | D:5      | Killed a hippogriff
  8407 | D:6      | Found Ybratiod's Distillery.
  8426 | D:6      | Learned a level 2 spell: Sticks to Snakes
  8549 | D:6      | Reached skill level 5 in Evocations
  8708 | D:6      | Reached skill level 8 in Stealth
  8759 | D:6      | Reached skill level 1 in Transmutations
  8913 | D:6      | Reached XP level 9. HP: 43/62 MP: 12/12
  9208 | D:6      | Noticed Sigmund
  9214 | D:6      | Killed Sigmund
  9608 | D:6      | Found a runed translucent door.
  9610 | D:6      | Noticed Crazy Yiuf
  9639 | D:6      | Killed Crazy Yiuf
 10272 | D:7      | Noticed a hornet
 10278 | D:7      | Killed a hornet
 10401 | D:7      | Learned a level 3 spell: Spider Form
 10416 | D:7      | Reached skill level 9 in Stealth
 10416 | D:7      | Reached skill level 1 in Poison Magic
 10533 | D:7      | Learned a level 2 spell: Blink
 11048 | D:6      | Mangled by an orc warrior

Levels and vault maps discovered:
D:1:      mainiacjoe_arrival_reflecting_pool, layout_basic
D:2:      layout_rooms, dancing_weapons_uskayaw, okawaru_gym_becter,
          serial_aquarium, aquarium_bridge_island_small
          [aquarium_subvault_small_open, aquarium_subvault_bridge,
          aquarium_subvault_window, aquarium_subvault_window,
          aquarium_subvault_balcony], aquarium_window_fake, aquarium_window_1,
          aquarium_window_corner, aquarium_window_corridor_1, aquarium_view_2b,
          aquarium_balcony_1a, first_ration
D:3:      layout_rooms, lemuel_zombie_altar_kikubaaqudgha, minitemple,
          minivault_25
D:4:      layout_loops_ring, led_xom_imps, minmay_temple_entry_enclosed_plants,
          kennysheep_decorative_pillar, uniq_robin
D:5:      layout_gridville, enter_ossuary_2, serial_shops,
          nicolae_shop_overgrown_old_shop
D:6:      layout_basic, serial_shops,
          nicolae_shop_temple_entry_statues_fountains, uniq_sigmund,
          uniq_crazy_yiuf_cottage
D:7:      gammafunk_beogh_shrine, layout_gridville, cheibrodos_worm_habitat,
          kennysheep_mini_moat
Temple:   nicolae_temple_figure_zero

Skill      XL: |  1  2  3  4  5  6  7  8  9 |
---------------+----------------------------+-----
Stealth        | 2 3 4 5 6 8 9 |  9.1
Dodging        | 3 4 5 6 |  6.5
Fighting       | 3 4 5 6 |  6.4
Evocations     | 1 2 3 5 |  5.0
Transmutations | 1 4 |  4.0
Poison Magic   | 1 |  1.0
Crossbows      | |  4.0

Action                   |  1- 3 |  4- 6 |  7- 9 || total
-------------------------+-------+-------+-------++-------
Melee: Short sword       |   108 |   186 |       ||   294
       Constrict         |    28 |    56 |    51 ||   135
       Tentacles         |     7 |    37 |    79 ||   123
       Dagger            |       |       |   303 ||   303
 Fire: Hand crossbow     |     4 |       |       ||     4
Throw: Dart              |       |       |     2 ||     2
Evoke: Wand              |       |       |     2 ||     2
  Use: Scroll            |     2 |     2 |     6 ||    10
       Potion            |       |     1 |     2 ||     3
 Stab: Sleeping          |     4 |     6 |    14 ||    24
       Distracted        |     1 |       |       ||     1
       Paralysed         |       |       |     1 ||     1
  Eat: Chunk             |     2 |    10 |    12 ||    24
       Ration            |       |       |     2 ||     2
Armor: Skin              |    18 |    22 |    36 ||    76
Dodge: Dodged            |   102 |   135 |   182 ||   419
